 Dungeon Crawl Stone Soup version 0.28.0-43-g3370ac3207 (webtiles) character file.

Game seed: 4678097924354657151

5142 Icepheonix32 the Warmonger (level 10, -15/68 HPs)
             Began as a Demonspawn Fighter on Mar 30, 2022.
             Was a High Priest of Okawaru.
             Demolished by a centaur warrior simulacrum (21 damage)
             ... in a Gauntlet.
             The game lasted 00:24:25 (10718 turns).

Icepheonix32 the Warmonger (Demonspawn Fighter)    Turns: 10718, Time: 00:24:26

Health: -15/68     AC:  9    Str: 24    XL:     10   Next: 33%
Magic:  10/16      EV: 24    Int: 12    God:    Okawaru [*****.]
Gold:   455        SH:  7    Dex: 15    Spells: 9/9 levels left

rFire   . . .      SeeInvis +   H - +0 long sword (flame)
rCold   . . .      Faith    .   c - +0 buckler
rNeg    . . .      Spirit   .   I - +1 steam dragon scales
rPois   .          Reflect  .   (helmet unavailable)
rElec   .          Harm     .   (no cloak)
rCorr   .          Rampage  .   (no gloves)
Will    .....      Clarity  +   f - +2 pair of boots
Stlth   ++++...... NoTele   +   (no amulet)
HPRegen 0.21/turn               v - +4 ring of evasion
MPRegen 0.15/turn               a - +6 ring of strength

@: heroic, finesse-ful
A: antennae 3, repulsion field 2, ignite blood 1, powered by death 2, clarity,
clever 1, deformed body, frail 1
a: Renounce Religion, Heroism, Finesse, Duel


You were in a Gauntlet.
You worshipped Okawaru.
Okawaru was extremely pleased with you.
You visited 2 branches of the dungeon, and saw 12 of its levels.
You also visited: Sewer and Gauntlet.

You collected 609 gold pieces.
You spent 154 gold pieces at shops.

Inventory:

Hand Weapons
 h - a +2 great sword
 i - a +1 dagger of electrocution
 m - a +0 hand axe of freezing
 w - a +3 short sword of freezing
 y - a +5 dagger
 A - a +0 short sword of draining
 H - a +0 long sword of flaming (weapon)
 K - a +2 long sword
Missiles
 k - a javelin (quivered)
Armour
 b - a +0 scale mail
 c - a +0 buckler (worn)
 f - a +2 pair of boots (worn)
 x - a +0 ring mail
 I - +1 steam dragon scales (worn)
 J - a +2 chain mail of poison resistance
Jewellery
 a - a +6 ring of strength (right hand)
 l - a ring of fire
 v - a +4 ring of evasion (left hand)
 z - an amulet of magic regeneration
Wands
 q - a wand of acid (5)
Scrolls
 d - 4 scrolls of teleportation
 g - 3 scrolls of fog
 n - 3 scrolls of amnesia
 o - a scroll of vulnerability
 B - a scroll of fear
 D - 2 scrolls of blinking
Potions
 e - 4 potions of flight
 j - a potion of degeneration
 p - 2 potions of attraction
 s - a potion of magic
 F - a potion of ambrosia


   Skills:
 + Level 5.9(10.9) Fighting
 - Level 1.3(9.0) Short Blades
 + Level 6.1(11.2) Long Blades
 + Level 0.9(5.9) Throwing
 + Level 5.7(10.7) Armour
 * Level 6.0(11.0) Dodging
 + Level 2.7(7.7) Stealth
 + Level 5.5(10.5) Shields
 * Level 9.3 Invocations


You had 9 spell levels left.
You didn't know any spells.
Your spell library contained the following spells:

 Spells                   Type           Power      Damage    Failure   Level
 Blink                    Tloc           0%         N/A       52%         2
 Ignite Poison            Fire/Tmut/Pois 0%         N/A       75%         3
 Mephitic Cloud           Conj/Pois/Air  0%         N/A       75%         3
 Freezing Cloud           Conj/Ice/Air   0%         6-21      100%        5
 Manifold Assault         Tloc           0%         N/A       100%        5
 Storm Form               Tmut/Air       0%         N/A       100%        7


Dungeon Overview and Level Annotations

Branches:
Dungeon (12/15)            Temple (1/1) D:4            Lair (0/6) D:9
  Sewer (visited)         Gauntlet (1/1)
    Orc: D:9-12

Altars:
Ashenzari
Cheibriados
Dithmenos
Elyvilon
Fedhas
Gozag
Hepliaklqana
Kikubaaqudgha
Makhleb
Okawaru
Qazlal
Sif Muna
Trog
Uskayaw
Vehumet
Wu Jian
Xom
Yredelemnul
Zin
The Shining One

Shops:
D:5 ?

Annotations:
D:12 Sonja Gauntlet 7 transporters, exclusion: oklob plant


Innate Abilities, Weirdness & Mutations

You have a pair of large antennae on your head. (SInv)
You are surrounded by a moderate repulsion field. (EV +3)
Your demonic aura sometimes causes spilled blood to erupt in flames.
You regenerate health from kills.
You possess an exceptional clarity of mind.
Your mind is acute. (Int +2)
Armour fits poorly on your strangely shaped body.
You are frail. (-10% HP)


Message History

The centaur warrior simulacrum closely misses you.
The centaur warrior simulacrum completely misses you.
The centaur warrior simulacrum misses you.
You block the centaur warrior simulacrum's attack.
The centaur warrior simulacrum hits you but does no damage.
You block the centaur warrior simulacrum's attack.
You gain the combat prowess of a mighty hero.
You block the centaur warrior simulacrum's attack.
The centaur warrior simulacrum barely misses you.
The centaur warrior simulacrum completely misses you.
The centaur warrior simulacrum closely misses you.
The centaur warrior simulacrum hits you.
The centaur warrior simulacrum freezes you!!
You block the centaur warrior simulacrum's attack.
You hit the centaur warrior simulacrum but do no damage.
The centaur warrior simulacrum is moderately damaged.
You block the centaur warrior simulacrum's attack.
The centaur warrior simulacrum completely misses you.
The centaur warrior simulacrum hits you!
The centaur warrior simulacrum freezes you!!
* * * LOW HITPOINT WARNING * * *
You block the centaur warrior simulacrum's attack.
Okay, then.
The centaur warrior simulacrum is engulfed in blazing flames.
The centaur warrior simulacrum misses you.
The centaur warrior simulacrum kicks you but does no damage.
There is a transporter here.
You see here a potion of mutation.
Unknown command.
Okay, then.
You hit the centaur warrior simulacrum.
You melt the centaur warrior simulacrum.
The centaur warrior simulacrum is moderately damaged.
The centaur warrior simulacrum completely misses you.
You block the centaur warrior simulacrum's attack.
You can now deal lightning-fast blows.
The centaur warrior simulacrum hits you.
* * * LOW HITPOINT WARNING * * *
The centaur warrior simulacrum freezes you!!
You die...

............. ⌠.⌠.©.©.⌠.⌠
.......... ## ###
######### ### ##
##≈###≈###.......###≈###≈#
#≈≈≈#≈≈≈#..∩.⌠.∩..#≈≈≈#≈≈≈
#≈.....................≈#
##.#########.#########.##
##≈.###ZZ@[.#.#..!©=?.#.≈#
#≈≈.###Z###.#.#...8...#.≈≈
##≈.#.#..##.#.#8.8.8.8#.≈#
##.#...©...####8.©.8##.##
##≈.#.##(.#.#.#8.8.8.8#.≈#
#≈≈.#.###.###.#Y..8...#.≈≈
##≈.#.ZZ{.###.#Y.8#8..#.≈#
##.#########.#########.##
##≈....#©.........©#....≈#


You could see a dire elephant, 2 centaur warrior simulacra and a meliai
simulacrum.

Vanquished Creatures
  A catoblepas (D:12)
  Maggie (D:6)
  A raiju (Gauntlet)
  A slime creature (D:12)
  A shadow (D:9)
  2 wyverns
  2 steam dragons
  3 wargs (D:9)
  2 water moccasins
  An orc warrior (D:9)
  2 ice beasts
  A hornet zombie (D:9)
  A necrophage (D:5)
  2 ogres (D:5)
  3 centaurs
  A kobold brigand (D:8)
  2 bullfrogs
  A scorpion (D:5)
  14 wights
  4 howler monkeys
  2 centaur zombies
  A hound (D:5)
  5 orc priests (D:9)
  A bullfrog zombie (D:6)
  A jelly (D:7)
  A bullfrog skeleton (D:6)
  A scorpion zombie (D:5)
  4 iguanas
  2 orc wizards
  A merfolk siren (Sewer)
  A merfolk avatar (Sewer)
  A hound skeleton (D:4)
  A howler monkey zombie (D:6)
  3 adders
  A river rat (Sewer)
  A shadow imp (D:7)
  2 white imps (D:6)
  An ufetubus (D:5)
  2 adder skeletons
  4 worms (D:3)
  3 dart slugs
  22 orcs
  13 ball pythons
  6 endoplasms
  7 giant cockroaches
  2 goblins
  9 hobgoblins
  10 jackals
  8 quokkas
  9 bats
  8 frilled lizards
  7 kobolds
  23 rats
209 creatures vanquished.

Vanquished Creatures (others)
  2 bushes (D:5)
  A plant (D:9)
3 creatures vanquished.

Grand Total: 212 creatures vanquished

Notes
Turn   | Place    | Note
-------+----------+-------------------------------------------
     0 | D:1      | Icepheonix32 the Demonspawn Fighter began the quest for the
                  | Orb.
     0 | D:1      | Reached XP level 1. HP: 18/18 MP: 1/1
   129 | D:1      | Found a faded altar of an unknown god.
   363 | D:1      | Gained mutation: You regenerate a little health from kills.
                  | [demonic ancestry]
   363 | D:1      | Reached XP level 2. HP: 21/24 MP: 2/2
  1333 | D:2      | Gained mutation: You regenerate health from kills. [demonic
                  | ancestry]
  1333 | D:2      | Reached XP level 3. HP: 25/29 MP: 3/3
  1730 | D:2      | Reached skill level 1 in Short Blades
  1875 | D:3      | Gained mutation: You are resistant to electric shocks.
                  | (rElec) [potion of mutation]
  1875 | D:3      | Gained mutation: You are dopey. (Int -2) [potion of
                  | mutation]
  1898 | D:3      | Gained mutation: Your demonic aura sometimes causes spilled
                  | blood to erupt in flames. [demonic ancestry]
  1898 | D:3      | Reached XP level 4. HP: 34/35 MP: 4/4
  2067 | D:3      | Reached skill level 1 in Dodging
  2082 | D:3      | Found an iron altar of Okawaru.
  2095 | D:3      | Became a worshipper of Warmaster Okawaru
  2248 | D:3      | Found a glowing drain.
  2267 | D:3      | Reached skill level 1 in Invocations
  2283 | Sewer    | Entered a sewer
  2408 | Sewer    | Reached skill level 2 in Invocations
  2456 | Sewer    | Reached XP level 5. HP: 41/41 MP: 7/7
  2483 | Sewer    | Reached skill level 3 in Invocations
  2725 | D:3      | Found a shimmering blue altar of Sif Muna.
  2766 | D:3      | Reached skill level 4 in Invocations
  3320 | D:4      | Lost mutation: You are dopey. (Int -2) [potion of mutation]
  3320 | D:4      | Lost mutation: You are resistant to electric shocks.
                  | (rElec) [potion of mutation]
  3320 | D:4      | Gained mutation: You are clumsy. (Dex -2) [potion of
                  | mutation]
  3320 | D:4      | Gained mutation: Your mind is acute. (Int +2) [potion of
                  | mutation]
  3321 | D:4      | Lost mutation: You are clumsy. (Dex -2) [potion of
                  | mutation]
  3321 | D:4      | Lost mutation: Your mind is acute. (Int +2) [potion of
                  | mutation]
  3321 | D:4      | Gained mutation: Armour fits poorly on your strangely
                  | shaped body. [potion of mutation]
  3541 | D:4      | Found a staircase to the Ecumenical Temple.
  3564 | Temple   | Entered the Ecumenical Temple
  3663 | D:4      | Noticed a wyvern
  3669 | D:4      | Killed a wyvern
  3669 | D:4      | Reached * piety under Okawaru
  3670 | D:4      | Gained mutation: You have a pair of small antennae on your
                  | head. [demonic ancestry]
  3670 | D:4      | Reached XP level 6. HP: 4/47 MP: 9/9
  4120 | D:5      | Entered Level 5 of the Dungeon
  4167 | D:5      | Reached skill level 5 in Invocations
  4254 | D:5      | Gained mutation: You have a pair of antennae on your head.
                  | [demonic ancestry]
  4254 | D:5      | Reached XP level 7. HP: 48/49 MP: 10/10
  4272 | D:5      | Found a broken altar of Ashenzari.
  4327 | D:5      | Found Sekeceox's Magic Scroll Boutique.
  4354 | D:5      | Bought a scroll of magic mapping for 49 gold pieces
  4354 | D:5      | Bought a scroll of blinking for 105 gold pieces
  4423 | D:5      | Found a blossoming altar of Fedhas.
  4804 | D:5      | Reached ** piety under Okawaru
  5029 | D:5      | Found an ancient bone altar of Kikubaaqudgha.
  5109 | D:5      | Reached skill level 5 in Armour
  5481 | D:5      | Reached skill level 1 in Stealth
  5481 | D:5      | Gained mutation: You are surrounded by a mild repulsion
                  | field. (EV +2) [demonic ancestry]
  5481 | D:5      | Reached XP level 8. HP: 60/60 MP: 12/12
  5536 | D:5      | Reached skill level 6 in Invocations
  5831 | D:6      | Noticed Maggie
  5865 | D:6      | Killed Maggie
  6139 | D:6      | Reached skill level 7 in Invocations
  6322 | D:7      | Reached *** piety under Okawaru
  6588 | D:7      | Lost mutation: Armour fits poorly on your strangely shaped
                  | body. [potion of mutation]
  6588 | D:7      | Gained mutation: You are frail. (-10% HP) [potion of
                  | mutation]
  6588 | D:7      | Gained mutation: You possess an exceptional clarity of
                  | mind. [potion of mutation]
  6588 | D:7      | Gained mutation: Armour fits poorly on your strangely
                  | shaped body. [potion of mutation]
  6588 | D:7      | Gained mutation: Your mind is acute. (Int +2) [potion of
                  | mutation]
  6726 | D:7      | Found a basalt altar of Yredelemnul.
  6808 | D:7      | Reached skill level 5 in Shields
  7172 | D:7      | Gained mutation: You are surrounded by a moderate repulsion
                  | field. (EV +3) [demonic ancestry]
  7172 | D:7      | Reached XP level 9. HP: 60/60 MP: 14/14
  7726 | D:8      | Reached skill level 5 in Fighting
  8120 | D:8      | Reached skill level 5 in Dodging
  8451 | D:8      | Found a snail-covered altar of Cheibriados.
  8754 | D:9      | Reached skill level 8 in Invocations
  8755 | D:9      | Reached **** piety under Okawaru
  9377 | D:9      | Reached skill level 5 in Long Blades
  9407 | D:9      | Found a staircase to the Lair.
  9418 | D:9      | Gained mutation: You have a pair of large antennae on your
                  | head. (SInv) [demonic ancestry]
  9418 | D:9      | Reached XP level 10. HP: 67/67 MP: 16/16
  9586 | D:9      | You fall into a shaft and drop 3 floors!
  9586 | D:12     | Noticed a catoblepas
  9599 | D:12     | Killed a catoblepas
  9599 | D:12     | Reached ***** piety under Okawaru
  9600 | D:12     | Reached skill level 9 in Invocations
  9651 | D:12     | HP: 3/68 [slime creature (18)]
  9927 | D:12     | Noticed a four-headed hydra
  9950 | D:12     | Noticed Sonja
  9998 | D:11     | Found a gate leading to a gauntlet.
 10019 | Gauntlet | Entered a Gauntlet
 10019 | Gauntlet | Noticed a wizard
 10019 | Gauntlet | Found a transporter.
 10019 | Gauntlet | Found a transporter.
 10032 | Gauntlet | Found a transporter.
 10036 | Gauntlet | Found a transporter.
 10038 | Gauntlet | Noticed a death scarab
 10041 | Gauntlet | Noticed a spectral five-headed hydra
 10056 | Gauntlet | Found a transporter.
 10060 | Gauntlet | Found a transporter.
 10068 | Gauntlet | Found a transporter.
 10081 | Gauntlet | Noticed a dire elephant
 10083 | Gauntlet | Noticed an elephant
 10085 | Gauntlet | Found a transporter.
 10099 | Gauntlet | Found a transporter.
 10103 | Gauntlet | Found a transporter.
 10111 | Gauntlet | Found a transporter.
 10115 | Gauntlet | Found a transporter.
 10145 | Gauntlet | Noticed an oklob plant
 10397 | Gauntlet | Received a gift from Okawaru
 10718 | Gauntlet | Demolished by a centaur warrior simulacrum

Illustrated notes

Levels and vault maps discovered:
D:1:      tarquinn_simple_flora_water_d, layout_loops_corners,
          ebering_ecumenical_altar_petrified, minmay_pentomino_z4
D:2:      layout_basic
D:3:      layout_loops_ring, led_sif_pool, mainiacjoe_overflow_catwalk,
          cheibrodos_sewer_entry_bend, minivault_5
D:4:      layout_cave_pools, minmay_temple_entry_offerings, serial_park_tiny_1
D:5:      layout_loops_ring, fedhas_bush_and_centaur_altar, marbit_many_paths,
          ashenzari_altar_1, serial_shops, nicolae_shop_advertising_works
          [nicolae_subvault_shop_adworks], grunt_ministairs_11
D:6:      layout_basic, uniq_maggie
D:7:      layout_basic, kennysheep_ying_yang
D:8:      layout_basic, mainiacjoe_overflow_brackets, columned_hall_lemuel
D:9:      layout_loops_corners, nemelex_xobeh_ov_fountains_minmay,
          erik_lair_orcish_takeover
D:11:     minmay_the_grid_3x2 [minmay_the_grid_minigrid_small,
          minmay_the_grid_armoury, minmay_the_grid_mess,
          minmay_the_grid_dragon_b, minmay_the_grid_odd_star,
          minmay_the_grid_prize_four_corners], layout_cave_pools,
          gauntlet_entry_generic, grunt_decor_resistance, uniq_erolcha
D:12:     layout_long_grid, uniq_sonja
Temple:   nicolae_temple_hex_pool
Gauntlet: minmay_gauntlet_77_indecision [minmay_gauntlet_arena_77_braids,
          minmay_gauntlet_arena_77_broken_ladder,
          minmay_gauntlet_arena_77_squiggly, minmay_gauntlet_arena_77_two_lines,
          minmay_gauntlet_arena_77_p_blocks,
          minmay_gauntlet_arena_77_terracotta_army, gauntlet_exit_hidden_loot]

Skill      XL: |  1  2  3  4  5  6  7  8  9 10 |
---------------+-------------------------------+-----
Long Blades    | 2 5 6 |  6.1
Shields        | 3 4 5 |  5.5
Armour         | 3 4 5 |  5.7
Short Blades   | 1 |  1.3
Dodging        | 1 2 4 5 6 |  6.0
Invocations    | 2 4 5 7 8 9 |  9.3
Fighting       | 4 5 |  5.9
Stealth        | 1 2 |  2.7
Throwing       | |  0.9

Action                   |  1- 3 |  4- 6 |  7- 9 | 10-12 || total
-------------------------+-------+-------+-------+-------++-------
Melee: Long sword        |    47 |       |   248 |    45 ||   340
       Dagger            |    84 |   261 |   143 |       ||   488
       Short sword       |       |       |    23 |       ||    23
       Demon whip        |       |       |     8 |       ||     8
Throw: Javelin           |       |     6 |     5 |     2 ||    13
       Dart              |       |       |     1 |     1 ||     2
Invok: Heroism           |       |       |     5 |     3 ||     8
       Finesse           |       |       |       |     1 ||     1
Evoke: Wand              |       |       |     2 |       ||     2
  Use: Scroll            |     4 |     2 |     4 |     7 ||    17
       Potion            |     1 |     7 |    10 |       ||    18
 Stab: Invisible         |       |     2 |       |       ||     2
       Distracted        |       |       |     1 |       ||     1
       Sleeping          |       |       |     2 |       ||     2
Armor: Scale mail        |    64 |    88 |       |       ||   152
       Ring mail         |       |     7 |    33 |       ||    40
       Steam dragon scal |       |       |    30 |     6 ||    36
       Skin              |       |       |    17 |       ||    17
Dodge: Dodged            |    53 |   158 |   323 |    46 ||   580
Block: Buckler           |    25 |    70 |   111 |    19 ||   225
